 Dungeon Crawl Stone Soup version 0.30-a0-339-g89bb51ec76 (webtiles) character file.

Game seed: 10794435419134254040

493 koil the Trooper (level 7, -7/72 HPs)
             Began as an Ogre Cinder Acolyte on Oct 31, 2022.
             Was a High Priest of Ignis.
             Killed by nerve-wracking pain
             ... invoked by an orc priest
              (10 damage)
             ... on level 5 of the Dungeon.
             The game lasted 00:09:40 (4736 turns).

koil the Trooper (Ogre Cinder Acolyte)              Turns: 4736, Time: 00:09:40

Health: -7/72      AC:  3    Str: 19    XL:     7   Next: 15%
Magic:  2/12       EV:  9    Int: 17    God:    Ignis [*****.]
Gold:   254        SH:  0    Dex:  4    Spells: 8/12 levels left

rFire   + + .      SeeInvis .    a - -1 hand axe (flame)
rCold   + . .      Faith    .    (no shield)
rNeg    . . .      Spirit   .    c - +0 robe
rPois   .          Reflect  .    (helmet restricted)
rElec   .          Harm     .    m - scarf {rC+ rF+}
rCorr   .          Rampage  .    (gloves unavailable)
Will    .....                    (boots unavailable)
Stlth   +.........               (no amulet)
HPRegen 0.32/turn                (no ring)
MPRegen 0.13/turn                (no ring)

@: no status effects
A: large, unfitting armour, tough skin 1
a: Renounce Religion, Fiery Armour, Foxfire Swarm, Rising Flame


You were on level 5 of the Dungeon.
You worshipped Ignis.
Ignis was extremely pleased with you.
You visited 1 branch of the dungeon, and saw 5 of its levels.

You collected 254 gold pieces.

Inventory:

Hand Weapons
 a - a -1 hand axe of flaming (weapon)
 q - a +4 quarterstaff of chaos
Missiles
 i - 4 poisoned darts
Armour
 b - a +0 robe
 c - a +0 robe (worn)
 m - a scarf of resistance (worn)
 p - an orb of light
 r - a +0 cloak
Wands
 j - a wand of flame (4)
Scrolls
 d - a scroll of butterflies {unknown}
 e - a scroll of magic mapping {unknown}
 f - a scroll of brand weapon {unknown}
 g - 2 scrolls of enchant weapon {unknown}
 k - 3 scrolls of identify {unknown}
 n - a scroll of amnesia {unknown}
Potions
 h - 2 potions of curing {unknown}
 l - a potion of degeneration {unknown}
 o - a potion of lignification {unknown}
 s - 2 potions of cancellation {unknown}
 t - a potion of haste {unknown}


   Skills:
 + Level 5.6 Fighting
 + Level 4.3 Axes
 + Level 2.5 Dodging
 + Level 3.3 Spellcasting
 + Level 2.0 Hexes
 + Level 3.8 Fire Magic


You had 8 spell levels left.
You knew the following spells:

 Your Spells              Type           Power      Damage    Failure   Level
a - Scorch                Fire           30%        2d6       5%          2
b - Ensorcelled Hibernat  Hex/Ice        12%        N/A       17%         2

Your spell library contained the following spells:

 Spells                   Type           Power      Damage    Failure   Level
 Passwall                 Tmut/Erth      1%         N/A       26%         2
 Ozocubu's Armour         Ice            2%         N/A       45%         3
 Swiftness                Air            2%         N/A       45%         3
 Summon Forest            Summ/Tloc      1%         N/A       99%         5
 Eringya's Noxious Bog    Tmut/Pois      1%         N/A       100%        6
 Ozocubu's Refrigeration  Ice            1%         4d7       100%        7
 Summon Hydra             Summ           1%         N/A       100%        7


Dungeon Overview and Level Annotations

Branches:
Dungeon (5/15)
 Temple: D:4-7

Altars:
Hepliaklqana
Qazlal
Trog

Annotations:
D:1 2 transporters


Innate Abilities, Weirdness & Mutations

You are too large for most types of armour.
You have tough skin. (AC +1)


Message History

The orc priest mumbles some strange prayers to Beogh against you.
Beogh smites you!
Flames lash the orc priest.
The orc priest is heavily wounded.
The orc priest hits you with a +0 hand axe.
The orc priest looks encouraged for a moment.
Flames lash the orc but do no damage.
The orc priest invokes the aid of Beogh against you.
Beogh smites you!
The orc priest looks encouraged for a moment.
Flames lash the orc priest but do no damage.
The orc priest hits you with a +0 hand axe.
You are out of magic!
Unknown command.
You barely miss the orc priest.
The orc priest is heavily wounded.
The orc priest hits you with a +0 hand axe.
You hit the orc priest but do no damage.
The orc priest is heavily wounded.
The orc priest hits you with a +0 hand axe!
You closely miss the orc priest.
The orc priest is heavily wounded.
The orc priest barely misses you.
You hit the orc priest but do no damage.
The orc priest is heavily wounded.
The orc priest is no longer more vulnerable to fire.
The orc priest hits you with a +0 hand axe.
The orc priest invokes the aid of Beogh against you.
Beogh smites you!
* * * LOW HITPOINT WARNING * * *
The orc priest attacks as you move away!
The orc priest hits you with a +0 hand axe.
* * * LOW HITPOINT WARNING * * *
The orc priest casts a cantrip, but nothing happens.
The orc priest invokes the aid of Beogh against you.
Beogh smites you!
* * * LOW HITPOINT WARNING * * *
The orc priest invokes the aid of Beogh against you.
Pain shoots through your body!
You die... #. #. #. #. #o #. #.########################### #....o.oo...@................ #.########################### ##

You could see 2 orc priests and an orc.

Vanquished Creatures
  Grinder (D:3)
  A necrophage (D:5)
  A hound (D:5)
  Crazy Yiuf (D:3)
  Robin (D:2)
  4 adders
  3 worms
  A dart slug (D:1)
  3 orcs
  6 ball pythons
  3 bats
  9 endoplasms
  A giant cockroach (D:2)
  16 goblins
  18 hobgoblins
  7 jackals
  13 kobolds
  2 quokkas
  4 frilled lizards
  4 rats
99 creatures vanquished.

Notes
Turn   | Place    | Note
-------+----------+-------------------------------------------
     0 | D:1      | koil the Ogre Cinder Acolyte began the quest for the Orb.
     0 | D:1      | Reached XP level 1. HP: 24/24 MP: 2/2
   111 | D:1      | Reached XP level 2. HP: 32/32 MP: 4/4
   121 | D:1      | Learned a level 2 spell: Scorch
   391 | D:1      | Reached XP level 3. HP: 39/40 MP: 5/5
   875 | D:1      | Reached skill level 1 in Dodging
  1070 | D:2      | Learned a level 2 spell: Ensorcelled Hibernation
  1395 | D:2      | Noticed Robin
  1405 | D:2      | Killed Robin
  1406 | D:2      | Reached XP level 4. HP: 33/49 MP: 0/7
  2327 | D:2      | You fall into a shaft and drop 1 floor!
  2871 | D:3      | Found a hazy altar of Hepliaklqana.
  2948 | D:3      | Noticed Grinder
  2961 | D:3      | Paralysed by Grinder for 4 turns
  2969 | D:3      | Paralysed by Grinder for 5 turns
  2976 | D:3      | Paralysed by Grinder for 4 turns
  2982 | D:3      | Killed Grinder
  2983 | D:3      | Reached skill level 5 in Fighting
  2983 | D:3      | Reached skill level 1 in Hexes
  2983 | D:3      | Reached XP level 5. HP: 12/57 MP: 2/9
  2983 | D:3      | Reached XP level 6. HP: 14/66 MP: 2/10
  3527 | D:3      | Found a stormy altar of Qazlal.
  3532 | D:3      | Found a bloodstained altar of Trog.
  3750 | D:3      | Found a runed translucent door.
  3751 | D:3      | Noticed Crazy Yiuf
  4170 | D:3      | Killed Crazy Yiuf
  4388 | D:5      | Entered Level 5 of the Dungeon
  4397 | D:5      | Reached XP level 7. HP: 18/72 MP: 3/11
  4729 | D:5      | HP: 1/72 [orc priest/divine providence (12)]
  4736 | D:5      | Killed from afar by an orc priest

Illustrated notes

Levels and vault maps discovered:
D:1:      spicycebolla_arrival_transporter_tutorial, layout_basic
D:2:      layout_basic, serial_corexii_hall, corexii_hall_statues_i,
          chequers_hall_statues_y, uniq_robin
D:3:      corexii_shack_village, layout_basic,
          mainiacjoe_overflow_concentric_impassable,
          amethyst_overflow_temple_binary, nicolae_figureground_pulse,
          uniq_grinder, uniq_crazy_yiuf_cottage
D:4:      layout_cave_pools, jmf_multi_god_temple, mainiacjoe_overflow_catwalk
D:5:      minmay_clustersquares, layout_basic, kennysheep_little_box,
          minmay_temple_entry_drinking_statues, hellmonk_ghost_happy_afterlife,
          lightli_church_of_beogh

Skill      XL: |  1  2  3  4  5  6 |
---------------+-------------------+-----
Fire Magic     | 3 |  3.8
Dodging        | 1 2 |  2.5
Spellcasting   | 2 3 |  3.3
Fighting       | 5 |  5.6
Axes           | 4 |  4.3
Hexes          | 1 2 |  2.0

Action                   |  1- 3 |  4- 6 |  7- 9 || total
-------------------------+-------+-------+-------++-------
Melee: Hand axe          |   110 |   169 |    12 ||   291
 Cast: Scorch            |     9 |    21 |     6 ||    36
Invok: Fiery Armour      |       |     1 |       ||     1
Armor: Robe              |    43 |    42 |     2 ||    87
Dodge: Dodged            |    46 |    91 |     6 ||   143

Table legend: (Time is in decaauts)
 A = Elapsed time spent in this place.
 B = Non-inter-level travel time spent in this place.
 C = Inter-level travel time spent in this place.
 D = Time resting spent in this place.
 E = Time spent auto-exploring this place.
 F = Levels seen in this place.
 G = Mean time per level.
                   A        B        C        D        E       F      G
               +--------+--------+--------+--------+--------+-----+--------+
         Total |   4773 |   4669 |    104 |    140 |   3677 |   5 |  954.6 |
       Dungeon |   4773 |   4669 |    104 |    140 |   3677 |   5 |  954.6 |
               +--------+--------+--------+--------+--------+-----+--------+

Top non-repeatable levels by time:
     D:3: 1754 daAuts
     D:2: 1470 daAuts
     D:1: 1075 daAuts
     D:5: 348 daAuts
     D:4: 124 daAuts
